 Dungeon Crawl Stone Soup version 0.18.1-5-g4a78601 (webtiles) character file.

32 Martinusm the Ruffian (level 3, -6/31 HPs)
             Began as a Ghoul Monk on May 9, 2016.
             Was a Believer of Nemelex Xobeh.
             Mangled by a gnoll
             ... wielding a +0 whip
              (7 damage)
             ... on level 3 of the Dungeon.
             The game lasted 00:06:47 (1300 turns).

Martinusm the Ruffian (Ghoul Monk)                  Turns: 1300, Time: 00:06:49

Health: -6/31      AC:  8    Str: 15    XL:     3   Next: 27%
Magic:  2/2        EV: 10    Int: 10    God:    Nemelex Xobeh [**....]
Gold:   77         SH:  0    Dex: 11    Spells: 0 memorised, 2 levels left

rFire  . . .     SeeInvis .     t - +2 war axe (elec)
rCold  + . .     Gourm    .     y - +0 scale mail
rNeg   + + +     Faith    .     (no shield)
rPois  ∞         Spirit   .     (no helmet)
rElec  .         Dismiss  .     x - +0 cloak
rCorr  .         Reflect  .     q - +0 pair of gloves
SustAt .         Harm     .     (no boots)
MR     .....                    (no amulet)
Stlth  +.........               (no ring)
                                (no ring)

@: brilliant, rotting, not resistant to hostile enchantments, very unstealthy
A: rotting body, claws 1, carnivore 3, cold resistance 1, negative energy
resistance 3, slow regeneration 1, torment resistance, unbreathing
a: Renounce Religion


You were on level 3 of the Dungeon.
You worshipped Nemelex Xobeh.
Nemelex Xobeh was pleased with you.
You were not hungry.

You visited 1 branch of the dungeon, and saw 3 of its levels.

You collected 77 gold pieces.

Inventory:

Hand Weapons
 c - a +0 whip
 e - a +2 mace of protection
 l - a +0 spear
 t - a +2 war axe of electrocution (weapon)
Missiles
 f - 31 poisoned needles
Armour
 a - a +0 robe
 d - a +0 leather armour
 g - a +0 chain mail
 q - a +0 pair of gloves (worn)
 w - a +0 chain mail
 x - a +0 cloak (worn)
 y - a +0 scale mail (worn)
Scrolls
 j - a scroll of immolation {unknown}
 k - 3 scrolls of amnesia {unknown}
 m - a scroll of identify {unknown}
 s - a scroll of enchant armour {unknown}
Potions
 n - a potion of curing
Miscellaneous
 o - a plain deck of destruction
 p - a plain deck of escape
 u - a legendary deck of escape
Comestibles
 b - 3 meat rations
 h - a beef jerky
 r - a slice of pizza
 v - a bread ration


   Skills:
 + Level 3.6 Fighting
 + Level 0.1 Maces & Flails
 + Level 2.9 Dodging
 + Level 2.2 Stealth
 + Level 5.0 Unarmed Combat


You had 2 spell levels left.
You didn't know any spells.

Dungeon Overview and Level Annotations

Branches:
Dungeon (3/15)

Altars:
Nemelex Xobeh
Vehumet


Innate Abilities, Weirdness & Mutations

Your body is rotting away.
You thrive on raw meat.
You are immune to poison.
You have sharp fingernails.
You are carnivorous and can eat meat at any time.
Your flesh is cold resistant.
You are immune to negative energy.
You regenerate slowly when monsters are visible.
You are immune to unholy pain and torment.
You can survive without breathing.


Message History

The hobgoblin closely misses you. The gnoll hits you with a whip.
* * * LOW HITPOINT WARNING * * *
Found a scroll labeled BISULE GINK.
The hobgoblin hits you but does no damage.
The gnoll hits you.
* * * LOW HITPOINT WARNING * * *
You closely miss the hobgoblin. The hobgoblin hits you.
* * * LOW HITPOINT WARNING * * *
The hobgoblin hits you but does no damage.
You closely miss the hobgoblin. The hobgoblin barely misses you.
You hit the hobgoblin.
You kill the hobgoblin!
The gnoll closely misses you.
You slash the gnoll!
The gnoll is almost dead.
The gnoll hits you from afar with a halberd.
* * * LOW HITPOINT WARNING * * *
The gnoll hits you with a whip!
You die...
Your body disappears without a glow.

.......................
.?..###..#.............
#..##.....†.####......
###......#..## #......
....#.#..#[.### #......
..............###......
##.#g.....(....[......
..##.##g###.............
#.....g@...........###.#
###...##..#.#...........
#### #.#..#####.......
#..#!## #.####.. .......
..# #.. .. ... . ### #..
.... .. #.# ... #.. ...


You could see 3 gnolls.

Vanquished Creatures
  A dart slug (D:1)
  2 bats
  A giant cockroach (D:1)
  4 goblins
  5 hobgoblins
  6 kobolds
  4 giant newts
  4 rats
27 creatures vanquished.

Notes
Turn   | Place    | Note
--------------------------------------------------------------
     0 | D:1      | Martinusm the Ghoul Monk began the quest for the Orb.
     0 | D:1      | Reached XP level 1. HP: 19/19 MP: 0/0
   239 | D:1      | Reached XP level 2. HP: 21/24 MP: 1/1
   253 | D:1      | Found a sparkling altar of Nemelex Xobeh.
   336 | D:1      | Became a worshipper of Nemelex Xobeh the Trickster
   336 | D:1      | Received a gift from Nemelex Xobeh
   336 | D:1      | Reached * piety under Nemelex Xobeh
   336 | D:1      | Received a gift from Nemelex Xobeh
   336 | D:1      | Reached ** piety under Nemelex Xobeh
   535 | D:2      | Reached skill level 5 in Unarmed Combat
   568 | D:2      | Found a radiant altar of Vehumet.
   695 | D:2      | Received a gift from Nemelex Xobeh
   754 | D:2      | Reached XP level 3. HP: 29/29 MP: 2/2
  1300 | D:3      | HP: 1/31 [gnoll/halberd (3)]
  1300 | D:3      | Mangled by a gnoll

Skill      XL: |  1  2 |
---------------+-------+-----
Unarmed Combat | 5 |  5.0
Fighting       | |  3.6
Maces & Flails | |  0.1
Dodging        | |  2.9
Stealth        | |  2.2

Action                   || total
-------------------------++-------
Melee: Unarmed           ||    21
       Mace              ||    20
       War axe           ||    26
  Use: Potion            ||     2
  Eat: Meat ration       ||     1
Armor: Robe              ||     4
       Chain mail        ||    40
       Scale mail        ||     2
Dodge: Dodged            ||    39
